 Dungeon Crawl Stone Soup version 0.29.1-1-gd02db6906a (webtiles) character file.

Game seed: 11021594344210910582

1 hawla the Sneak (level 1, 0/7 HPs)
             Began as a Felid Venom Mage on Sept 27, 2022.
             Frozen to death by an endoplasm (4 damage)
             ... on level 1 of the Dungeon.
             The game lasted 00:00:18 (54 turns).

hawla the Sneak (Felid Venom Mage)                    Turns: 54, Time: 00:00:19

Health: 0/7        AC:  1    Str:  4    XL:     1   Next: 16%
Magic:  4/4        EV: 17    Int: 16    God:
Gold:   0          SH:  0    Dex: 16    Spells: 3/4 levels left
                                        Lives:  0   Deaths: 0

rFire   . . .      SeeInvis +   (weapon unavailable)
rCold   . . .      Faith    .   (shield unavailable)
rNeg    . . .      Spirit   .   (body armour unavailable)
rPois   .          Reflect  .   (helmet unavailable)
rElec   .          Harm     .   (cloak unavailable)
rCorr   .          Rampage  .   (gloves unavailable)
Will    .....                   (boots unavailable)
Stlth   ++........              (no amulet)
HPRegen 0.02/turn               (no ring)
MPRegen 0.09/turn               (no ring)

@: quick
A: very small, claws 1, fangs 3, see invisible, speed 1, shaggy fur 1, stealthy
paws, no weapons or thrown items, no armour, multi-lived
a: no special abilities


You were on level 1 of the Dungeon.
You visited 1 branch of the dungeon, and saw 1 of its levels.

Inventory:

Potions
 a - a potion of magic


   Skills:
 + Level 2.6 Dodging
 + Level 2.6 Stealth
 + Level 2.1 Spellcasting
 + Level 1.1 Transmutations
 + Level 2.6 Poison Magic


You had 3 spell levels left.
You knew the following spells:

 Your Spells              Type           Power      Damage    Failure   Level
a - Sting                 Tmut/Pois      28%        1d4       10%         1

Your spell library contained the following spells:

 Spells                   Type           Power      Damage    Failure   Level
 Poisonous Vapours        Pois/Air       10%        N/A       19%         2
 Mephitic Cloud           Conj/Pois/Air  4%         N/A       38%         3
 Olgreb's Toxic Radiance  Pois           10%        N/A       56%         4


Dungeon Overview and Level Annotations

Branches:
Dungeon (1/15)

Altars:


Innate Abilities, Weirdness & Mutations

You have sharp claws.
You have razor-sharp teeth.
You have supernaturally acute eyesight. (SInv)
You cover ground quickly. (Speed+)
You are covered in fur. (AC +1)
Your paws help you pounce on unaware monsters.
You are incapable of wielding weapons or throwing items.
You cannot wear armour.
You gain extra lives every three experience levels.


Message History

You can't see any susceptible monsters within range! (Use Z to cast anyway.)
An endoplasm comes into view.
The endoplasm quivers.
The endoplasm moves out of view.
You closely miss the giant cockroach. The giant cockroach bites you.
You scratch the giant cockroach but do no damage.
The giant cockroach barely misses you.
You scratch the giant cockroach but do no damage.
The giant cockroach barely misses you.
You barely miss the giant cockroach. The giant cockroach closely misses you.
Casting: Sting (safe; 10% risk of failure)
Confirm with . or Enter, or press ? or * to list all spells.
Aiming: Sting (safe; 10% risk of failure)
Press: ? - help, Shift-Dir - straight line, f - giant cockroach
Aim: a giant cockroach (68% to hit)
The sting hits the giant cockroach but does no damage.
The giant cockroach is poisoned.
The giant cockroach misses you. The giant cockroach bites you.
You kill the giant cockroach!
You start resting.
Magic restored.
An endoplasm is nearby!
An endoplasm is nearby!
An endoplasm is nearby!
An endoplasm is nearby!
Casting: Sting (safe; 10% risk of failure)
Confirm with . or Enter, or press ? or * to list all spells.
You can't see any susceptible monsters within range! (Use Z to cast anyway.) Unknown command.
Casting: Sting (safe; 10% risk of failure)
Confirm with . or Enter, or press ? or * to list all spells.
You can't see any susceptible monsters within range! (Use Z to cast anyway.) Unknown command.
The endoplasm quivers.
You scratch the endoplasm. Your bite misses the endoplasm.
The endoplasm is moderately wounded.
The endoplasm freezes you.
You are frozen.
Ouch! That really hurt!
You die...

~~~≈~~...~~~~~~~≈~~..#
~~~≈~~...~≈~~~~~≈~~..#
≈≈≈~~.....≈~≈~≈≈≈~P..#
.......<.............#
≈≈~~~.....~≈~≈~~~~P..#
~~~≈~~...~≈~~~~~≈≈~..#
~~~≈~~...~≈≈~~~~≈≈~..#
~~~~~P...P~≈~~≈≈~~P..#
.............@.......#####.#
#####........J............(#
#......P†.#.############
.....P..♣..# ....P..♣.♣PP.#
.^P.♣♣♣♣♣♣P♣.P# .... ♣..#
... .## #


You could see an endoplasm.

Vanquished Creatures
  A giant cockroach (D:1)
1 creature vanquished.

Vanquished Creatures (others)
  2 plants (D:1)
2 creatures vanquished.

Grand Total: 3 creatures vanquished

Notes
Turn   | Place    | Note
-------+----------+-------------------------------------------
     0 | D:1      | hawla the Felid Venom Mage began the quest for the Orb.
     0 | D:1      | Reached XP level 1. HP: 7/7 MP: 4/4
    54 | D:1      | Frozen to death by an endoplasm

Illustrated notes

Levels and vault maps discovered:
D:1:      giann_bridges, layout_basic, serial_forest,
          infiniplex_forest_clump_long, infiniplex_forest_clump_double,
          infiniplex_forest_lined_2, infiniplex_forest_lined_3,
          infiniplex_forest_diagonal, infiniplex_forest_straight_3,
          dreamdust_ecumenical_altar_grove, st_stairs_6, nicolae_shop_vocational

Action                   || total
-------------------------++-------
Melee: Unarmed           ||     5
 Cast: Sting             ||     1
Dodge: Dodged            ||     4
